 Dungeon Crawl Stone Soup version 0.31-a0-1-g4198be8af4 (webtiles) character file.

Game seed: 13989506179263901883

1638 bmack86 the Cleaver (level 8, 0/71 HPs)
             Began as a Minotaur Fighter on May 1, 2023.
             Succumbed to a water moccasin's poison
             ... on level 5 of the Dungeon.
             The game lasted 00:08:03 (2857 turns).

bmack86 the Cleaver (Minotaur Fighter)              Turns: 2857, Time: 00:08:04

Health: 0/71       AC: 18    Str: 27    XL:     8   Next: 66%
Magic:  2/7        EV:  8    Int:  5    God:
Gold:   132        SH:  5    Dex: 10    Spells: 7/7 levels left

rFire   . . .        o - +2 war axe (venom)
rCold   . . .        c - +0 buckler
rNeg    . . .        r - +6 chain mail "Qacw" {Str+4 Slay-5}
rPois   .            (helmet restricted)
rElec   .            s - +1 cloak
rCorr   .            (no gloves)
SInv    .            (no boots)
Will    .....        i - amulet of guardian spirit Stlth
                     (no ring)
HPRegen 0.31/turn    (no ring)
MPRegen 0.10/turn

%: guardian spirit
@: lethally poisoned (0 -> -12)
A: horns 2, retaliatory headbutt
a: no special abilities


You were on level 5 of the Dungeon.
You visited 1 branch of the dungeon, and saw 5 of its levels.

You collected 192 gold pieces.
You spent 60 gold pieces at shops.

Inventory:

Hand Weapons
 a - a +0 war axe
 o - a +2 war axe of venom (weapon)
Missiles
 f - 17 poisoned darts (quivered)
 y - a throwing net
Armour
 b - a +0 scale mail
 c - a +0 buckler (worn)
 r - the +6 chain mail "Qacw" (worn) {Str+4 Slay-5}
   (You found it on level 2 of the Dungeon)

   Str:       It affects your strength (+4).
   Slay:      It affects your accuracy & damage with ranged weapons and melee
   (-5).
 s - a +1 cloak (worn)
Jewellery
 i - an amulet of guardian spirit (around neck)
Wands
 x - a wand of mindburst (13)
Scrolls
 g - a scroll of fog {unknown}
 k - a scroll of noise {unknown}
 l - a scroll of enchant armour {unknown}
 m - 5 scrolls of teleportation
 t - a scroll of magic mapping {unknown}
 w - 2 scrolls of poison {unknown}
Potions
 d - a potion of might
 h - 4 potions of berserk rage
 n - a potion of brilliance
 p - a potion of flight
 q - a potion of mutation
 u - a potion of invisibility
 v - a potion of cancellation {unknown}
 z - 2 potions of attraction {unknown}


   Skills:
 + Level 6.5 Fighting
 * Level 8.1 Axes
 + Level 4.2 Throwing
 + Level 6.5 Armour
 + Level 6.3 Shields


You had 7 spell levels left.
You didn't know any spells.
Your spell library contained the following spells:

 Spells                   Type           Power      Damage    Failure   Level
 Lesser Beckoning         Tloc           0%         N/A       98%         2
 Gell's Gravitas          Tloc           0%         N/A       100%        3
 Teleport Other           Tloc           0%         N/A       100%        3
 Petrify                  Tmut/Erth      0%         N/A       100%        4
 Fireball                 Conj/Fire      0%         3d3       100%        5
 Metabolic Englaciation   Hex/Ice        0%         N/A       100%        5
 Statue Form              Tmut/Erth      0%         N/A       100%        6
 Malign Gateway           Summ/Tloc      0%         N/A       100%        7
 Orb of Destruction       Conj           0%         9d5       100%        7
 Lehudib's Crystal Spear  Conj/Erth      0%         10d2      100%        8
 Summon Horrible Things   Summ           0%         N/A       100%        8


Dungeon Overview and Level Annotations

Branches:
Dungeon (5/15)
 Temple: D:4-7

Altars:
Cheibriados
Hepliaklqana
Makhleb
Vehumet
Wu Jian

Shops:
D:2 *   D:3 :


Innate Abilities, Weirdness & Mutations

You have a pair of horns on your head.
You reflexively headbutt those who attack you in melee.


Message History

You feel very sick.
The water moccasin bites you but does no damage.
The water moccasin bites you.
* * * LOW HITPOINT WARNING * * *
You feel much better.
You feel very sick.
The water moccasin bites you but does no damage.
You closely miss the water moccasin. You headbutt the water moccasin!
The water moccasin is heavily wounded.
You feel very sick.
The water moccasin bites you but does no damage.
The water moccasin bites you.
You closely miss the water moccasin.
The water moccasin is heavily wounded.
You feel very sick. You block the water moccasin's attack.
You miss the water moccasin.
Your headbutt misses the water moccasin.
The water moccasin is heavily wounded.
You feel sick. The water moccasin bites you.
* * * LOW HITPOINT WARNING * * *
You are lethally poisoned!
The water moccasin poisons you! The water moccasin bites you!
* * * LOW HITPOINT WARNING * * *
You slash the water moccasin!
Your headbutt misses the water moccasin.
The water moccasin is almost dead.
* * * LOW HITPOINT WARNING * * *
You feel very sick. You block the water moccasin's attack.
You miss the water moccasin.
Your headbutt misses the water moccasin.
The water moccasin is almost dead.
* * * LOW HITPOINT WARNING * * *
You feel very sick. You block the water moccasin's attack.
The water moccasin bites you but does no damage.
You hit the water moccasin but do no damage.
The water moccasin is almost dead.
You die...

#######
..(....#######
#.≈≈≈≈≈≈.S@...#
#.≈.....≈≈≈≈≈.#
#.≈.####....≈.#
.≈. ...###.≈.#
≈.#.≈≈._#.≈.#
.#.≈...#.≈.#
#.≈...#.≈.#.≈
#.≈_.##.≈.#.≈
#.≈≈≈...≈


You could see a water moccasin.

Vanquished Creatures
  A komodo dragon (D:5)
  Eustachio (D:4)
  A yak (D:5)
  An ice beast (D:5)
  2 ogres
  2 phantoms
  A scorpion (D:4)
  4 hounds
  An orc priest (D:4)
  A jelly (D:4)
  A gnoll bouda (D:5)
  A sleepcap (D:5)
  5 iguanas
  2 orc wizards (D:4)
  5 gnolls
  10 adders
  An ufetubus (D:4)
  A worm (D:4)
  11 ball pythons
  3 bats (D:1)
  7 endoplasms
  5 giant cockroaches
  7 goblins
  6 hobgoblins
  3 jackals (D:4)
  3 quokkas
  2 frilled lizards
  7 kobolds
  6 rats
101 creatures vanquished.

Notes
Turn   | Place    | Note
-------+----------+-------------------------------------------
     0 | D:1      | bmack86 the Minotaur Fighter began the quest for the Orb.
     0 | D:1      | Reached XP level 1. HP: 19/19 MP: 0/0
   149 | D:1      | Reached XP level 2. HP: 27/27 MP: 1/1
   286 | D:1      | Reached skill level 3 in Axes
   495 | D:1      | Reached XP level 3. HP: 32/33 MP: 2/2
  1135 | D:2      | Found Derrin's Assorted Antiques.
  1267 | D:2      | Identified the +6 chain mail "Qacw" {Str+4 Slay-5}
  1399 | D:2      | Bought a scroll labelled AZXUTEYTZO for 20 gold pieces
  1399 | D:2      | Bought a scroll labelled DIHAUR KETZUI for 20 gold pieces
  1399 | D:2      | Bought a scroll labelled SAJEZO UKHO for 20 gold pieces
  1459 | D:3      | Reached skill level 1 in Throwing
  1465 | D:3      | Reached XP level 4. HP: 40/40 MP: 3/3
  1520 | D:3      | Found Buyj's Book Boutique.
  1532 | D:3      | Reached skill level 4 in Axes
  1618 | D:3      | Found a faded altar of an unknown god.
  1715 | D:3      | Got Asmodeus's Handbook of Confrontation
  1926 | D:4      | Found a snail-covered altar of Cheibriados.
  1950 | D:4      | Noticed a scorpion
  1960 | D:4      | Reached XP level 5. HP: 37/47 MP: 4/4
  2104 | D:4      | Found a burning altar of Makhleb.
  2134 | D:4      | Noticed Eustachio
  2147 | D:4      | Killed Eustachio
  2148 | D:4      | Reached skill level 5 in Axes
  2148 | D:4      | Reached XP level 6. HP: 52/55 MP: 3/5
  2272 | D:4      | Reached skill level 5 in Fighting
  2273 | D:4      | Reached skill level 5 in Armour
  2273 | D:4      | Reached skill level 5 in Shields
  2283 | D:4      | Reached XP level 7. HP: 25/61 MP: 2/6
  2434 | D:4      | Reached skill level 6 in Axes
  2501 | D:4      | Found a hazy altar of Hepliaklqana.
  2573 | D:4      | Noticed a cacodemon
  2675 | D:5      | Entered Level 5 of the Dungeon
  2803 | D:5      | Noticed a yak
  2806 | D:5      | Noticed a troll
  2808 | D:5      | Noticed a komodo dragon
  2811 | D:5      | Killed a yak
  2812 | D:5      | Reached skill level 7 in Axes
  2812 | D:5      | Reached XP level 8. HP: 44/70 MP: 4/7
  2818 | D:5      | Found an ornate altar of the Wu Jian Council.
  2818 | D:5      | Found a radiant altar of Vehumet.
  2829 | D:5      | Killed a komodo dragon
  2838 | D:5      | Reached skill level 8 in Axes
  2856 | D:5      | HP: 2/71 [poisoned by a water moccasin]
  2857 | D:5      | Succumbed to a water moccasin's poison

Illustrated notes

Levels and vault maps discovered:
D:1:      heliophobic_arrival_glass_houses, layout_loops_ring
D:2:      layout_loops_cross, serial_shops, nicolae_shop_tiny_waterfront,
          st_stairs_6, roderic_roman_lattice
D:3:      layout_rooms, serial_shops, shop,
          shapermc_ecumenical_altar_mp_ritualfount, serial_park_tiny_pond,
          nicolae_half_adder
D:4:      layout_rooms, mainiacjoe_overflow_24_doors, makhleb_altar_promises_db,
          mainiacjoe_overflow_boulevard, uniq_eustachio
D:5:      cheibrodos_fzero, layout_basic, mainiacjoe_overflow_alcove_4,
          nicolae_overflow_squiral, guppyfry_early_orc_mine

Skill      XL: |  1  2  3  4  5  6  7  8 |
---------------+-------------------------+-----
Axes           | 3 4 5 7 8 |  8.1
Fighting       | 4 5 6 |  6.5
Shields        | 4 5 6 |  6.3
Armour         | 4 5 6 |  6.5
Throwing       | 1 2 3 4 |  4.2

Action                     |  1- 3 |  4- 6 |  7- 9 || total
---------------------------+-------+-------+-------++-------
  Melee: War axe           |    73 |    73 |    83 ||   229
         Headbutt          |     8 |     7 |    12 ||    27
  Throw: Dart              |     2 |     2 |     3 ||     7
    Use: Scroll            |     5 |     3 |     2 ||    10
         Potion            |       |     1 |     2 ||     3
 Armour: Scale mail        |    31 |       |       ||    31
         Chain mail        |    10 |    67 |    79 ||   156
  Dodge: Dodged            |    43 |    34 |    42 ||   119
  Block: Buckler           |    19 |    25 |    32 ||    76

Table legend: (Time is in decaauts)
 A = Elapsed time spent in this place.
 B = Non-inter-level travel time spent in this place.
 C = Inter-level travel time spent in this place.
 D = Time resting spent in this place.
 E = Time spent auto-exploring this place.
 F = Levels seen in this place.
 G = Mean time per level.
                   A        B        C        D        E       F      G
               +--------+--------+--------+--------+--------+-----+--------+
         Total |   2920 |   2826 |     94 |      5 |   1942 |   5 |  584.0 |
       Dungeon |   2920 |   2826 |     94 |      5 |   1942 |   5 |  584.0 |
               +--------+--------+--------+--------+--------+-----+--------+

Top non-repeatable levels by time:
     D:4: 817 daAuts
     D:1: 763 daAuts
     D:2: 664 daAuts
     D:3: 499 daAuts
     D:5: 175 daAuts
